 Dungeon Crawl Stone Soup version 0.20-a0-522-g0b37eee (webtiles) character file.

3864 Lahna the Skirmisher (level 10, -7/96 HPs)
             Began as a Naga Fighter on Jan 25, 2017.
             Was a Follower of Makhleb.
             Mangled by an ogre
             ... wielding a +0 giant club
              (8 damage)
             ... on level 9 of the Dungeon.
             The game lasted 00:18:08 (9285 turns).

Lahna the Skirmisher (Naga Fighter)                 Turns: 9285, Time: 00:18:09

Health: -7/96      AC: 16    Str: 18    XL:     10   Next: 19%
Magic:  13/13      EV: -1    Int: 12    God:    Makhleb [*.....]
Gold:   212        SH: 10    Dex: 18    Spells: 9/9 levels left

rFire    + . .     SeeInvis +   G - +4 whip of Lahna's Slow Death {slash, rC+ Int+3 Dex+4}
rCold    + + .     Gourm    .   b - +0 gold dragon scales
rNeg     . . .     Faith    .   c - +0 shield
rPois    +         Spirit   .   a - +2 helmet
rElec    .         Reflect  .   (no cloak)
rCorr    .         Harm     .   g - +0 pair of gloves
MR       +....                  (no barding)
Stlth    ..........             (no amulet)
Regen    0.3/turn               (no ring)
                                (no ring)

@: heavily drained, very slow
A: see invisible, deformed body, poison resistance, slowness 2, slow metabolism
1, spit poison 1, AC +3
a: Spit Poison, Renounce Religion


You were on level 9 of the Dungeon.
You worshipped Makhleb.
Makhleb was aware of your devotion.
You were not hungry.

You visited 2 branches of the dungeon, and saw 10 of its levels.

You collected 365 gold pieces.
You spent 153 gold pieces at shops.

Inventory:

Hand Weapons
 w - a +0 morningstar
 y - a +2 mace of crushing
 G - the +4 whip of Lahna's Slow Death (weapon) {slash, rC+ Int+3 Dex+4}
   (You found it on level 4 of the Dungeon)

   It inflicts extra damage upon your enemies.
   It affects your intelligence (+3).
   It affects your dexterity (+4).
   It protects you from cold.
Armour
 a - a +2 helmet (worn)
 b - +0 gold dragon scales (worn)
 c - a +0 shield (worn)
 g - a +0 pair of gloves (worn)
 A - a +2 hat of spirit shield
Wands
 H - a wand of lightning (6/15)
Scrolls
 e - a scroll of noise {unknown}
 h - 4 scrolls of magic mapping
 i - a scroll of fear {unknown}
 l - a scroll of recharging
 n - a scroll of enchant armour {unknown}
 s - 4 scrolls of immolation
 t - 2 scrolls of teleportation
 u - a scroll of blinking {unknown}
 x - a scroll of enchant weapon
 B - a scroll of fog
 D - a scroll of random uselessness {unknown}
Potions
 d - a potion of brilliance {unknown}
 k - a potion of lignification {unknown}
 r - a potion of resistance {unknown}
 C - a potion of ambrosia
Comestibles
 f - 3 bread rations
 j - a meat ration
 o - 6 fruits


   Skills:
 + Level 7.7(5.9) Fighting
 + Level 7.2(5.5) Maces & Flails
 + Level 6.3(4.6) Armour
 + Level 6.1(4.5) Shields
 + Level 4.0(2.4) Invocations


You had 9 spell levels left.
You didn't know any spells.

Dungeon Overview and Level Annotations

Branches:
Dungeon (9/15)             Temple (1/1) D:5
   Lair: D:8-11         Orc: D:9-12

Altars:
Ashenzari
Dithmenos
Elyvilon
Fedhas
Gozag
Hepliaklqana
Kikubaaqudgha
Makhleb
Nemelex Xobeh
Okawaru
Qazlal
Ru
Sif Muna
Trog
Uskayaw
Vehumet
Xom
Yredelemnul
Zin

Shops:
D:4 [   D:6 }


Innate Abilities, Weirdness & Mutations

You cannot wear boots.
Your serpentine skin is tough. (AC +3)
You have supernaturally acute eyesight. (SInv)
Armour fits poorly on your strangely shaped body.
Your system is resistant to poisons. (rPois)
You cover ground very slowly.
You have a slow metabolism.
You can spit poison.


Message History

You feel sick.
The hornet stings you but does no damage.
There is a stone staircase leading down here.
You feel sick. The hornet stings you!
* * * LOW HITPOINT WARNING * * *
You are more poisoned.
You feel yourself slow down. The ogre hits you with a giant club!
* * * LOW HITPOINT WARNING * * *
You climb downwards.
* * * LOW HITPOINT WARNING * * *
You feel sick.
Found a bread ration.
There is a stone staircase leading up here.
You feel better. The hornet stings you!
* * * LOW HITPOINT WARNING * * *
You block the hornet's attack. You block the ogre's attack.
The hornet stings you but does no damage.
You feel yourself speed up.
You block the hornet's attack. x2; The ogre hits you with a giant club!
You die...

░░░░░
...░░░░░░░......
.......@y.......
........O.......
?...............
▒▒............%.
▒...░░░░░░░░░░░
▒... ▒.. ▒..


You could see a hornet and an ogre.

Vanquished Creatures
  Pikel (D:7)
  A deep elf mage (D:6)
  The ghost of WhatIsLove the Destroyer, a novice TeCj (D:7)
  Joseph (D:7)
  2 hippogriffs
  An ice beast (D:5)
  A black bear (D:7)
  2 necrophages (D:6)
  2 ogres
  3 centaurs
  A big kobold (D:7)
  3 bullfrogs
  A scorpion (D:5)
  7 wights (D:7)
  2 crimson imps
  A centaur skeleton (D:4)
  A hound (D:7)
  4 orc priests
  2 jellies
  An orc wizard (D:4)
  2 worker ants (D:4)
  8 adders
  4 gnolls (D:6)
  An ooze (D:1)
  An adder skeleton (D:4)
  2 worms (D:2)
  A dart slug (D:2)
  5 leopard geckos
  20 orcs
  6 bats
  6 giant cockroaches
  8 goblins
  16 hobgoblins
  3 jackals (D:1)
  11 kobolds
  5 quokkas
  2 ball pythons
  4 frilled lizards
  A giant cockroach zombie (D:6)
  A leopard gecko skeleton (D:5)
  13 rats
158 creatures vanquished.

Vanquished Creatures (others)
  2 slaves (D:7)
  A necrophage (D:7)
  A sky beast (D:7)
  A bullfrog (D:7)
  2 howler monkeys (D:7)
  A hound (D:7)
  A jelly (D:7)
  A shadow imp (D:7)
  3 goblins (D:7)
  A quokka zombie (D:7)
  A plant (D:6)
15 creatures vanquished.

Grand Total: 173 creatures vanquished

Notes
Turn   | Place    | Note
-------+----------+-------------------------------------------
     0 | D:1      | Lahna the Naga Fighter began the quest for the Orb.
     0 | D:1      | Reached XP level 1. HP: 21/21 MP: 1/1
    96 | D:1      | Reached XP level 2. HP: 28/28 MP: 2/2
   429 | D:1      | Reached XP level 3. HP: 33/34 MP: 3/3
  1226 | D:2      | Reached XP level 4. HP: 42/43 MP: 4/4
  2340 | D:3      | Found a faded altar of an unknown god.
  2359 | D:3      | Reached XP level 5. HP: 48/50 MP: 5/5
  3034 | D:4      | Got a dazzling whip
  3035 | D:4      | Identified the +4 whip of Lahna's Slow Death {slash, rC+ Int+3 Dex+4} (You found it on level 4 of the Dungeon)
  3570 | D:4      | Reached XP level 6. HP: 49/57 MP: 4/6
  3666 | D:4      | Found Ucyqyvad's Antique Armour Shop.
  3667 | D:4      | Noticed a hippogriff
  3677 | D:4      | Killed a hippogriff
  3677 | D:4      | Reached XP level 7. HP: 57/66 MP: 4/7
  3684 | D:4      | Bought a twisted ring mail for 153 gold pieces
  3694 | D:4      | Identified the cursed +1 ring mail of the Arcane {rC+ Str-5 Int+7} (You bought it in a shop on level 4 of the Dungeon)
  3920 | D:5      | Entered Level 5 of the Dungeon
  4096 | D:5      | Reached skill level 5 in Fighting
  4193 | D:5      | Found a blossoming altar of Fedhas.
  4563 | D:5      | Reached XP level 8. HP: 58/74 MP: 8/8
  4761 | D:5      | Found a staircase to the Ecumenical Temple.
  4768 | Temple   | Entered the Ecumenical Temple
  5000 | Temple   | Became a worshipper of Makhleb the Destroyer
  5662 | D:6      | Reached skill level 5 in Maces & Flails
  6059 | D:6      | Found Vixiwif's Gadget Boutique.
  6478 | D:6      | Reached skill level 5 in Armour
  6678 | D:6      | Noticed a deep elf mage
  6693 | D:6      | Killed a deep elf mage
  6693 | D:6      | Reached skill level 5 in Shields
  6693 | D:6      | Reached XP level 9. HP: 15/84 MP: 1/9
  7368 | D:7      | Reached skill level 1 in Invocations
  7394 | D:7      | Noticed Pikel
  7401 | D:7      | Noticed Joseph
  7415 | D:7      | Killed Pikel
  7425 | D:7      | Killed Joseph
  7657 | D:7      | Noticed WhatIsLove's ghost (novice TeCj)
  7884 | D:7      | Killed WhatIsLove's ghost
  7884 | D:7      | Reached XP level 10. HP: 19/94 MP: 1/12
  8328 | D:7      | Reached * piety under Makhleb
  8891 | D:7      | Found a shadowy altar of Dithmenos.
  9282 | D:8      | HP: 3/96 [ogre/giant club (15)]
  9283 | D:9      | HP: 1/96 [poisoned by a hornet]
  9285 | D:9      | Mangled by an ogre

Vault maps used:
D:1:      dpeg_arrival_leaves_temple_mockup
D:3:      chequers_ecumenical_altar_simple_redux
D:4:      cheibrodos_quashed, serial_shops, shop
D:5:      temple_green, first_bread, fedhas_altar_1
D:6:      serial_shops, kennysheep_little_box, guppyfry_early_elven_hall
D:7:      marbit_many_paths, enter_bailey_3, minivault_24, uniq_pikel,
          uniq_joseph
D:9:      gammafunk_temple_overflow_wave
Temple:   dpeg_five_rooms_temple

Skill      XL: |  1  2  3  4  5  6  7  8  9 10 |
---------------+-------------------------------+-----
Armour         | 3 4 5 6 |  6.3
Shields        | 3 4 5 6 |  6.1
Fighting       | 4 5 6 7 |  7.7
Maces & Flails | 3 4 6 7 |  7.2
Invocations    | 3 4 |  4.0

Action                   |  1- 3 |  4- 6 |  7- 9 | 10-12 || total
-------------------------+-------+-------+-------+-------++-------
Melee: Flail             |   176 |    11 |       |       ||   187
       Mace              |       |    74 |       |       ||    74
       Morningstar       |       |    36 |       |       ||    36
       Whip              |       |    48 |   260 |   100 ||   408
Evoke: Wand              |       |       |     4 |       ||     4
  Use: Potion            |       |     1 |     5 |     1 ||     7
       Scroll            |       |       |     7 |     6 ||    13
 Stab: Invisible         |       |       |     2 |       ||     2
  Eat: Chunk             |     1 |     7 |     8 |       ||    16
       Royal jelly       |       |       |     1 |       ||     1
       Meat ration       |       |       |       |     1 ||     1
Armor: Scale mail        |   148 |    88 |       |       ||   236
       Plate armour      |       |       |   111 |       ||   111
       Gold dragon scale |       |       |     6 |    65 ||    71
Dodge: Dodged            |    54 |    53 |    10 |     3 ||   120
Block: Shield            |   112 |   109 |   134 |    61 ||   416
